 Dungeon Crawl Stone Soup version 0.30-a0-719-gcc4359ea44 (webtiles) character file.

Game seed: 18125680045905649575

1356 Mitcholas the Skirmisher (level 8, 0/63 HPs)
             Began as a Grey Draconian Hunter on Jan 26, 2023.
             Slain by an orc warrior
             ... wielding a +1 dire flail of protection
              (10 damage)
             ... on level 5 of the Dungeon.
             The game lasted 00:12:21 (4428 turns).

Mitcholas the Skirmisher (Grey Draconian Hunter)    Turns: 4428, Time: 00:12:21

Health: 0/63       AC: 11    Str: 13    XL:     8   Next: 37%
Magic:  8/8        EV: 13    Int: 10    God:
Gold:   349        SH:  0    Dex: 23    Spells: 7/7 levels left

rFire   . . .      SeeInvis .    a - +0 shortbow
rCold   + . .      Faith    .    (shield currently unavailable)
rNeg    . . .      Spirit   .    (body armour unavailable)
rPois   .          Reflect  .    (helmet restricted)
rElec   .          Harm     .    (no cloak)
rCorr   .          Rampage  .    (no gloves)
Will    .....                    (no boots)
Stlth   +++                      (no amulet)
HPRegen 0.30/turn                n - ring of protection from cold
MPRegen 0.11/turn                m - +6 ring of dexterity

@: studying Staves
A: AC +11, amphibious, unfitting armour, cold-blooded
a: no special abilities


You were on level 5 of the Dungeon.
You visited 1 branch of the dungeon, and saw 6 of its levels.

You collected 349 gold pieces.

Inventory:

Hand Weapons
 a - a +0 shortbow (weapon)
Jewellery
 g - a ring of protection from fire
 m - a +6 ring of dexterity (right hand)
 n - a ring of protection from cold (left hand)
 s - a ring of ice
 x - an amulet of reflection
Scrolls
 b - a scroll of immolation
 c - a scroll of poison {unknown}
 d - a scroll of fear
 h - 5 scrolls of teleportation {unknown}
 j - 3 scrolls of enchant weapon {unknown}
 q - a scroll of blinking
 r - 2 scrolls of fog
 t - a scroll of noise {unknown}
 u - 2 scrolls of identify
Potions
 e - a potion of heal wounds
 f - a potion of berserk rage {unknown}
 i - 2 potions of flight {unknown}
 k - 5 potions of curing
 l - a potion of haste
 o - 3 potions of might
 p - a potion of invisibility {unknown}
 v - a potion of attraction {unknown}
 w - 2 potions of magic {unknown}


   Skills:
 + Level 3.1 Fighting
 * Level 9.5 Ranged Weapons
 + Level 2.6 Dodging
 + Level 2.2 Stealth


You had 7 spell levels left.
You didn't know any spells.
Your spell library contained the following spells:

 Spells                   Type           Power      Damage    Failure   Level
 Apportation              Tloc           0%         N/A       36%         1
 Foxfire                  Conj/Fire      0%         2x1d4     36%         1
 Necrotise                Necr           0%         1d4       36%         1
 Summon Small Mammal      Summ           0%         N/A       36%         1
 Alistair's Intoxication  Tmut/Pois      0%         N/A       100%        5
 Fireball                 Conj/Fire      0%         3d3       100%        5
 Starburst                Conj/Fire      0%         6d3       100%        6


Dungeon Overview and Level Annotations

Branches:
Dungeon (6/15)
 Temple: D:4-7

Altars:
Yredelemnul

Shops:
D:1 ?   D:3 (


Innate Abilities, Weirdness & Mutations

Your dull iron-grey scales are very hard. (AC +11)
You are amphibious.
You cannot fit into any form of body armour.
You are cold-blooded and may be slowed by cold attacks.


Message History

The orc warrior hits you but does no damage.
Fire: a) +0 shortbow
Press: ? - help, Q - select action Shift-Dir - straight line, f/p - orc warrior
Aim: an orc warrior, wielding a +1 dire flail of protection and wearing a +0 plate armour (heavily wounded, 68% to hit)
You shoot an arrow. The arrow hits the orc warrior!
The orc warrior is severely wounded.
The orc warrior barely misses you.
Fire: a) +0 shortbow
Press: ? - help, Q - select action Shift-Dir - straight line, f/p - orc warrior
Aim: an orc warrior, wielding a +1 dire flail of protection and wearing a +0 plate armour (severely wounded, 68% to hit)
You shoot an arrow.
The arrow barely misses the orc warrior.
The orc warrior hits you with a +1 dire flail of protection.
Fire: a) +0 shortbow
Press: ? - help, Q - select action Shift-Dir - straight line, f/p - orc warrior
Aim: an orc warrior, wielding a +1 dire flail of protection and wearing a +0 plate armour (severely wounded, 68% to hit)
You shoot an arrow.
The arrow barely misses the orc warrior.
The orc warrior hits you with a +1 dire flail of protection!
* * * LOW HITPOINT WARNING * * *
Fire: a) +0 shortbow
Press: ? - help, Q - select action Shift-Dir - straight line, f/p - orc warrior
Aim: an orc warrior, wielding a +1 dire flail of protection and wearing a +0 plate armour (severely wounded, 68% to hit)
You shoot an arrow.
The arrow barely misses the orc warrior.
The orc warrior hits you but does no damage.
Fire: a) +0 shortbow
Press: ? - help, Q - select action Shift-Dir - straight line, f/p - orc warrior
Aim: an orc warrior, wielding a +1 dire flail of protection and wearing a +0 plate armour (severely wounded, 68% to hit)
You shoot an arrow. The arrow hits the orc warrior.
The orc warrior is almost dead.
The orc warrior barely misses you.
Fire: a) +0 shortbow
Press: ? - help, Q - select action Shift-Dir - straight line, f/p - orc warrior
Aim: an orc warrior, wielding a +1 dire flail of protection and wearing a +0 plate armour (almost dead, 68% to hit)
You shoot an arrow.
The arrow hits the orc warrior but does no damage.
The orc warrior is almost dead.
The orc warrior hits you with a +1 dire flail of protection!
You die...

### #.########### #...........#
#.#########.# #.# #.# #.# #.#
#.# #.################### #.#
#..o.................
##.##########.#@....############
#.............#.###.#
#############.....#.############
#.#.................
##########.#.#.############
#............#.# ########
#.########.###.# #....... #.#
### ##### ###..... #.# ##### ##_
##8## #.....


You could see an orc warrior.

Vanquished Creatures
  A steam dragon (D:6)
  An ice beast (D:3)
  3 ogres (D:5)
  A bullfrog (D:6)
  4 scorpions
  A gnoll sergeant (D:5)
  2 jellies
  A gnoll bouda (D:4)
  2 hounds
  An orc priest (D:3)
  An iguana (D:5)
  2 orc wizards (D:3)
  3 adders
  11 gnolls
  A shadow imp (D:5)
  A white imp (D:5)
  A worm (D:3)
  4 dart slugs
  21 orcs
  4 ball pythons
  3 bats
  10 endoplasms
  A giant cockroach (D:2)
  5 goblins
  5 hobgoblins
  6 jackals
  5 kobolds
  A quokka (D:4)
  6 frilled lizards
  4 rats
112 creatures vanquished.

Notes
Turn   | Place    | Note
-------+----------+-------------------------------------------
     0 | D:1      | Mitcholas the Draconian Hunter began the quest for the Orb.
     0 | D:1      | Reached XP level 1. HP: 17/17 MP: 1/1
   112 | D:1      | Reached skill level 4 in Ranged Weapons
   210 | D:1      | Found Umeados's Magic Scroll Boutique.
   233 | D:1      | Reached XP level 2. HP: 22/24 MP: 2/2
   805 | D:2      | Reached XP level 3. HP: 11/29 MP: 3/3
   936 | D:2      | Reached skill level 5 in Ranged Weapons
  1052 | D:2      | Reached XP level 4. HP: 36/36 MP: 4/4
  1188 | D:3      | Found Oroxtam's Antique Weapon Boutique.
  1555 | D:3      | Noticed an ice beast
  1561 | D:3      | Killed an ice beast
  1562 | D:3      | Reached skill level 6 in Ranged Weapons
  1562 | D:3      | Reached XP level 5. HP: 41/41 MP: 5/5
  1575 | D:3      | Reached XP level 6. HP: 48/48 MP: 6/6
  2342 | D:4      | Reached skill level 7 in Ranged Weapons
  3013 | D:5      | Entered Level 5 of the Dungeon
  3020 | D:5      | Your scales start taking on a dull iron-grey colour.
  3020 | D:5      | Reached XP level 7. HP: 55/55 MP: 7/7
  3146 | D:5      | Reached skill level 8 in Ranged Weapons
  3283 | D:5      | Found a basalt altar of Yredelemnul.
  3736 | D:5      | Reached skill level 9 in Ranged Weapons
  3873 | D:5      | Reached skill level 1 in Stealth
  3873 | D:5      | Reached XP level 8. HP: 55/62 MP: 8/8
  4428 | D:5      | Slain by an orc warrior

Illustrated notes

Levels and vault maps discovered:
D:1:      dpeg_arrival_rhombus, layout_loops_cross, serial_shops, shop
D:2:      layout_rooms, chequers_serial_rivers_micro_e, minmay_liquid_box
D:3:      layout_loops_corners, serial_shops, shop_fountains,
          minmay_misc_feat_roman
D:4:      layout_layer_cave, nicolae_eternal_life, minmay_box_of_dots
D:5:      layout_basic, nicolae_overflow_hidden_temple
D:6:      layout_rooms, ebering_ghost_inner_flame, minmay_misc_feat_enclosed

Skill      XL: |  1  2  3  4  5  6  7  8 |
---------------+-------------------------+-----
Ranged Weapons | 4 5 6 7 9 |  9.5
Dodging        | 2 |  2.6
Stealth        | 1 2 |  2.2
Fighting       | 3 |  3.1

Action                     |  1- 3 |  4- 6 |  7- 9 || total
---------------------------+-------+-------+-------++-------
   Fire: Shortbow          |    85 |   168 |   156 ||   409
    Use: Scroll            |       |     6 |       ||     6
 Armour: Skin              |    12 |    17 |    23 ||    52
  Dodge: Dodged            |    25 |    53 |    56 ||   134

Table legend: (Time is in decaauts)
 A = Elapsed time spent in this place.
 B = Non-inter-level travel time spent in this place.
 C = Inter-level travel time spent in this place.
 D = Time resting spent in this place.
 E = Time spent auto-exploring this place.
 F = Levels seen in this place.
 G = Mean time per level.
                   A        B        C        D        E       F      G
               +--------+--------+--------+--------+--------+-----+--------+
         Total |   4492 |   4266 |    226 |    406 |   3063 |   6 |  748.7 |
       Dungeon |   4492 |   4266 |    226 |    406 |   3063 |   6 |  748.7 |
               +--------+--------+--------+--------+--------+-----+--------+

Top non-repeatable levels by time:
     D:3: 1105 daAuts
     D:4: 1018 daAuts
     D:5: 962 daAuts
     D:1: 699 daAuts
     D:2: 515 daAuts
     D:6: 191 daAuts
